AoeStats
← MIOSE5358

MegaRandom

509480822Analyzed
4v4 RM · 6d ago on Sep 26, 2026· 70m 26s· 8 players
Game mode
Random Map
Map size
Large (8 player)
Population
200
Speed
Normal
Resources
Standard
Victory
Conquest
Starting age
Dark Age
Ending age
Imperial Age
RankedLock teamsTeams togetherTeam positionsShared explorationLock speedFull tech treeHidden civsTurbo modeCheats
Victory
Defeat
🇹🇷 Huns · Türkiye
649
+10
🇩🇪 Burgundians · Germany
607
+12
🇵🇪 Sicilians · Peru
594
+13
🇨🇱 Byzantines · Chile
489
+17
🇪🇸 Lithuanians · Spain
550
-14
🇪🇸 Spanish · Spain
529
-13
🇨🇴 Bohemians · Colombia
510
-13
🇪🇸 Italians · Spain
480
-12
er_titi92
13:43 Feudal Age
14:48 Double-Bit Axe
14:46 Horse Collar
18:41 Wheelbarrow
26:51 Castle Age
25:31 Stone Mining
26:25 Gold Mining
26:42 Padded Archer Armor
26:33 Fletching
26:49 Scale Barding Armor
26:45 Scale Mail Armor
33:15 Loom
36:01 Imperial Age
33:44 Treadmill Crane
35:29 Caravan
35:30 Crossbowman
39:17 Leather Archer Armor
39:12 Forging
39:24 Chain Barding Armor
40:12 Hill Forts
39:42 Elite Leitis
41:08 Bow Saw
42:09 Elite Skirmisher
43:59 Ring Archer Armor
44:05 Plate Barding Armor
43:27 Bodkin Arrow
46:05 Chemistry
45:17 Masonry
44:58 Heated Shot
45:28 Ballistics
45:53 Herbal Medicine
50:50 Hand Cart
51:18 Bombard Tower
51:30 Architecture
50:59 Murder Holes
53:43 Two-Man Saw
54:19 Pikeman
57:19 Bracer
60:14 Guard Tower
63:51 Tower Shields
EvilDriver2000
14:59 Feudal Age
17:01 Double-Bit Axe
28:55 Wheelbarrow
32:37 Castle Age
33:36 Bow Saw
33:47 Horse Collar
35:59 Caravan
36:30 Coinage
37:45 Fortified Wall
39:46 Fervor
40:13 Hand Cart
39:46 Town Watch
40:10 Heavy Plow
40:19 Pikeman
48:23 Town Patrol
49:39 Chemistry
48:41 Murder Holes
48:37 Guard Tower
51:36 Ballistics
KaosxD
15:22 Feudal Age
17:01 Horse Collar
21:56 Wheelbarrow
22:31 Double-Bit Axe
29:28 Castle Age
32:40 Bow Saw
37:00 Imperial Age
35:03 Scale Mail Armor
35:14 Forging
34:54 Fletching
35:08 Padded Archer Armor
35:11 Scale Mail Armor
36:01 Heavy Plow
36:07 Caravan
38:09 Thumb Ring
37:30 Crossbowman
38:48 Hand Cart
39:27 Conscription
42:00 Arbalester
42:21 Elite Genoese Crossbowman
45:11 Chain Mail Armor
45:11 Leather Archer Armor
44:52 Bodkin Arrow
45:35 Iron Casting
47:57 Chemistry
47:18 Ballistics
48:41 Murder Holes
MIOSE5358
12:40 Feudal Age
13:24 Horse Collar
13:32 Double-Bit Axe
15:19 Wheelbarrow
19:24 Stone Mining
19:27 Gold Mining
27:13 Castle Age
28:06 Heavy Plow
28:31 Hand Cart
31:20 Bow Saw
33:52 Forging
33:42 Padded Archer Armor
34:04 Caravan
35:30 Arson
36:23 Stone Shaft Mining
36:44 Bloodlines
37:50 Fletching
38:16 Leather Archer Armor
43:10 Imperial Age
43:43 Husbandry
43:43 Bodkin Arrow
44:52 Chemistry
44:19 Conscription
45:22 Heavy Mounted Crossbowman
47:49 Guilds
49:43 Two-Man Saw
49:19 Ring Archer Armor
48:50 Bracer
50:16 Ballistics
52:46 Scale Barding Armor
52:42 Scale Mail Armor
53:19 Iron Casting
54:13 Coinage
55:35 Elite Conquistador
57:20 Blast Furnace
60:54 Fortified Wall
60:41 Murder Holes
62:02 Chain Barding Armor
61:57 Chain Mail Armor
63:19 Masonry
63:47 Plate Barding Armor
genemioguz
11:21 Feudal Age
12:37 Wheelbarrow
11:49 Double-Bit Axe
13:10 Horse Collar
13:53 Loom
18:57 Loom
21:43 Castle Age
20:17 Stone Mining
22:12 Fletching
24:54 Hand Cart
24:34 Town Watch
24:54 Gold Mining
25:06 Heavy Plow
28:13 Gold Shaft Mining
28:16 Caravan
32:49 Imperial Age
31:07 Bodkin Arrow
32:54 Bow Saw
33:54 Bracer
34:17 Conscription
35:58 Padded Archer Armor
37:12 Ballistics
37:53 Chemistry
36:48 Murder Holes
37:32 Heavy Cavalry Archer
38:38 Parthian Tactics
38:25 Thumb Ring
38:43 Leather Archer Armor
40:45 Two-Man Saw
42:16 Town Patrol
LewolfCC
0:42 Loom
11:56 Feudal Age
14:27 Double-Bit Axe
14:25 Horse Collar
22:16 Castle Age
23:11 Wheelbarrow
24:44 Heavy Plow
24:57 Bow Saw
24:41 Gold Mining
25:09 Pikeman
25:36 Arson
33:47 Squires
40:06 Imperial Age
37:51 Hand Cart
42:14 Conscription
42:43 Gold Shaft Mining
41:34 Halberdier
43:05 Forging
44:05 Crop Rotation
46:53 Iron Casting
46:19 Scale Mail Armor
46:25 Scale Barding Armor
48:43 Two-Man Saw
49:56 Chain Mail Armor
50:02 Chain Barding Armor
51:35 Logistica
Quico
3:05 Loom
14:40 Feudal Age
16:36 Wheelbarrow
24:05 Castle Age
25:33 Hand Cart
29:59 Caravan
35:42 Horse Collar
36:19 Double-Bit Axe
37:28 Siphons
37:15 Heated Shot
37:46 Ballistics
37:22 Murder Holes
37:25 Heated Shot
37:55 Ballistics
40:49 Imperial Age
38:32 Heavy Plow
42:37 Chemistry
46:01 Crop Rotation
45:20 Town Watch
45:30 Elite Serjeant
49:51 Forging
49:42 Scale Mail Armor
53:39 Siphons
53:49 Masonry
53:45 Siege Engineers
53:55 Guilds
54:17 Coinage
55:07 Onager
56:36 Heavy Scorpion
58:33 Banking
64:50 Squires
64:11 Pikeman
66:24 Arrowslits
66:46 Onager
67:04 Halberdier
69:33 Town Patrol
70:04 Bow Saw
70:19 Hauberk
70:35 First Crusade
70:35 Conscription
J-Me
9:05 Wheelbarrow
15:19 Feudal Age
16:43 Double-Bit Axe
16:45 Horse Collar
16:59 Gold Mining
19:18 Loom
20:26 Hand Cart
26:28 Castle Age
26:03 Bow Saw
25:58 Heavy Plow
35:50 Cavalier
36:44 Forging
37:50 Caravan
40:34 Imperial Age
40:18 Husbandry
41:29 Paladin
43:45 Murder Holes
44:30 Iron Casting
44:02 Scale Barding Armor
63:03 Chain Barding Armor
63:45 Blast Furnace
64:27 Chemistry
Connection lost

Rejoining the realm…

Still unreachable

The connection could not be restored.

Session expired

The server has moved on; the page needs a fresh start.